 Dungeon Crawl Stone Soup version 0.31.0-2-g5a2aebc5c2 (webtiles) character file.

Game seed: 13930342582758312852

88905 oldriver the Fighter (level 15, -1/126 HPs)
             Began as a Demonspawn Fire Elementalist on Jan 20, 2024.
             Was an Initiate of Gozag.
             Slain by a white ugly thing (23 damage)
             ... on level 14 of the Dungeon on Jan 21, 2024.
             The game lasted 01:22:04 (55412 turns).

oldriver the Fighter (DsFE)                        Turns: 55412, Time: 01:22:05

Health: -1/126     AC: 14    Str:  9    XL:     15   Next: 47%
Magic:  40/41      EV: 14    Int: 28    God:    Gozag
Gold:   1121       SH:  5    Dex: 14    Spells: 18/40 levels left

rFire   . . .        z - +1 trident of Beyond {spect, ^Fragile rElec rN++ SInv}
rCold   . . .        v - +0 buckler
rNeg    + + +        s - +3 ring mail {Will+}
rPois   .            A - +1 helmet {SInv}
rElec   +            W - +2 cloak
rCorr   .            (gloves unavailable)
SInv    +            r - +0 pair of boots
Will    ++...        B - amulet of magic regeneration
Stlth   +++          w - ring "Mor Nat" {rN+ Int+6}
HPRegen 0.41/turn    K - ring of magical power
MPRegen 0.67/turn

%: no passive effects
@: no status effects
A: demonic guardian 1, ignite blood 1, sturdy frame 3, demonic touch 3
a: Renounce Religion, Potion Petition, Call Merchant, Bribe Branch


You were on level 14 of the Dungeon.
You worshipped Gozag.
Gozag was most pleased with you.
You visited 4 branches of the dungeon, and saw 23 of its levels.

You collected 6645 gold pieces.
You spent 2651 gold pieces at shops.
You paid 2873 gold pieces to Gozag.

Inventory:

Hand Weapons
 z - the +1 trident of Beyond (weapon) {spect, ^Fragile rElec rN++ SInv}
   (You bought it in a shop on level 12 of the Dungeon)

   rElec:     It insulates you from electricity.
   rN++:      It greatly protects you from negative energy.
   SInv:      It lets you see invisible.
   ^Fragile:  It will be destroyed if unequipped.
 L - the +1 war axe "Hydraslayer" {drain, rN+}
   (You found it on level 9 of the Dungeon)

   rN+:       It protects you from negative energy.
Missiles
 g - 21 javelins
 u - 4 throwing nets
 J - 27 poisoned darts
Armour
 r - a +0 pair of boots (worn)
 s - a +3 ring mail of willpower (worn)
 v - a +0 buckler (worn)
 A - a +1 helmet of see invisible (worn)
 W - a +2 cloak (worn)
Magical Staves
 e - a staff of alchemy
 n - a staff of fire
Jewellery
 l - a ring of protection from fire
 m - a ring of protection from cold
 w - the ring "Mor Nat" (left hand) {rN+ Int+6}
   (You found it on level 5 of the Dungeon)

   [ring of intelligence]

   Int+6:     It affects your intelligence (+6).
   rN+:       It protects you from negative energy.
 y - a ring of resist corrosion
 B - an amulet of magic regeneration (around neck)
 E - an amulet of guardian spirit
 K - a ring of magical power (right hand)
Wands
 a - a wand of quicksilver (12)
 x - a wand of paralysis (1)
 D - a wand of flame (17)
 N - a wand of polymorph (2)
Scrolls
 h - 3 scrolls of poison
 j - 6 scrolls of teleportation
 k - 5 scrolls of revelation
 o - a scroll of silence
 p - 4 scrolls of vulnerability
 C - 2 scrolls of immolation
 F - 4 scrolls of identify
 G - a scroll of blinking
Potions
 b - a potion of magic
 c - 3 potions of enlightenment
 d - 2 potions of resistance
 f - 6 potions of lignification
 i - 2 potions of cancellation
 q - 5 potions of attraction
 t - a potion of brilliance
 H - 3 potions of invisibility
 I - 3 potions of curing
 M - 3 potions of might
 O - a potion of heal wounds
 S - a potion of ambrosia
 U - a potion of haste


   Skills:
 + Level 14.0 Fighting
 - Level 2.0 Armour
 - Level 7.0 Dodging
 - Level 5.0 Stealth
 - Level 4.0 Shields
 + Level 13.1 Spellcasting
 + Level 8.9 Conjurations
 + Level 8.1 Fire Magic
 + Level 12.0 Air Magic


You had 18 spell levels left.
You knew the following spells:

 Your Spells              Type           Power      Damage    Failure   Level
a - Airstrike             Air            36%        2d(6-22)  1%          4
b - Scorch                Fire           100%       2d9       1%          2
c - Flame Wave            Conj/Fire      60%        2d14      1%          4
d - Volatile Blastmotes   Fire/Tloc      82%        2d16      2%          3
f - Fireball              Conj/Fire      30%        3d13      3%          5
p - Foxfire               Conj/Fire      100%       2x1d9     1%          1
w - Swiftness             Air            72%        N/A       1%          3

Your spell library contained the following spells:

 Spells                   Type           Power      Damage    Failure   Level
 Magic Dart               Conj           100%       1d8       1%          1
 Shock                    Conj/Air       100%       1d9       1%          1
 Searing Ray              Conj           100%       2d8       1%          2
 Inner Flame              Hex/Fire       41%        N/A       2%          3
 Iskenderun's Battlesphe  Conj           62%        2d11      3%          5
 Summon Small Mammal      Summ           72%        N/A       4%          1
 Blink                    Tloc           36%        N/A       6%          2
 Call Imp                 Summ           36%        N/A       6%          2
 Ensorcelled Hibernation  Hex/Ice        36%        N/A       6%          2
 Sublimation of Blood     Necr           18%        N/A       6%          2
 Brom's Barrelling Bould  Conj/Erth      43%        2d6       7%          4
 Fulminant Prism          Conj/Alch      21%        3d12      7%          4
 Summon Blazeheart Golem  Fire/Summ      41%        N/A       8%          4
 Conjure Ball Lightning   Conj/Air       33%        3x3d11    9%          6
 Call Canine Familiar     Summ           18%        N/A       13%         3
 Passwall                 Erth           18%        N/A       13%         3
 Sigil of Binding         Hex            18%        N/A       13%         3
 Anguish                  Hex/Necr       9%         N/A       38%         4
 Cause Fear               Hex            9%         N/A       38%         4
 Dimensional Bullseye     Hex/Tloc       9%         N/A       38%         4
 Orb of Destruction       Conj           31%        9d10      67%         7
 Summon Forest            Summ/Tloc      9%         N/A       75%         5
 Summon Mana Viper        Hex/Summ       18%        N/A       75%         5
 Summon Cactus Giant      Summ           9%         N/A       100%        6
 Enfeeble                 Hex            9%         N/A       100%        7
 Summon Hydra             Summ           9%         N/A       100%        7


Dungeon Overview and Level Annotations

Branches:
Dungeon (15/15)            Temple (1/1) D:5            Lair (5/5) D:10
 Shoals (0/4) Lair:3        Snake (0/4) Lair:3        Slime (0/5) Lair:5
    Orc (2/2) D:9             Elf (0/3) Orc:2        Vaults (0/5) D:14
 Depths: D:15

Altars:
Ashenzari
Cheibriados
Dithmenos
Fedhas
Gozag
Hepliaklqana
Kikubaaqudgha
Makhleb
Nemelex Xobeh
Okawaru
Qazlal
Ru
Sif Muna
Trog
Uskayaw
Vehumet
Wu Jian
Xom
Yredelemnul
Jiyva

Shops:
D:4 (!!!   D:8 !   D:12 *   Orc:1 =   Orc:2 (*=[   Lair:4 :?

Annotations:
D:9 1 runed translucent door, ssalbiz's ghost, novice MiBe
Lair:1 3 runed translucent doors, Caczuus's ghost, novice SpEE
Lair:2 1 runed translucent door, DaftaChap's ghost, journeyman TrSh


Innate Abilities, Weirdness & Mutations

A weak demonic guardian rushes to your aid.
Your demonic aura sometimes causes spilled blood to erupt in flames.
Your movements are significantly less encumbered by armour. (ER -6)
Your touch may irresistibly damage your foes and sap their willpower.


Message History

The white ugly thing gores you. The white ugly thing freezes you!!
The white ugly thing completely misses you.
A wave of flame ripples out!
The flame wave engulfs the white ugly thing!
The white ugly thing is moderately wounded.
The flame wave engulfs the white ugly thing!
The white ugly thing is heavily wounded.
The flame wave engulfs the white ugly thing!
The white ugly thing is lightly wounded.
The white ugly thing basks in the mutagenic energy from its kin and changes!
The white ugly thing pecks you. The white ugly thing freezes you!!
A wave of flame ripples out!
The flame wave engulfs the white ugly thing!
The white ugly thing is moderately wounded.
The flame wave engulfs the white ugly thing!
The white ugly thing is heavily wounded.
The flame wave engulfs the white ugly thing!
The white ugly thing is heavily wounded.
The flame wave engulfs the red ugly thing!
The red ugly thing resists.
The red ugly thing is lightly wounded.
You finish channelling waves of flame.
The white ugly thing pecks you! The white ugly thing freezes you!!
* * * LOW HITPOINT WARNING * * *
The white ugly thing basks in the mutagenic energy from its kin and changes!
The white ugly thing pecks you but does no damage.
You climb upwards.
There is a stone staircase leading down here.
Blink to where?
Press: ? - help, Dir - move target
Okay, then.
As you read the scroll of fear, it crumbles to dust.
You assume a fearsome visage.
The white ugly thing looks frightened!
The white ugly thing easily resists.
The white ugly thing pecks you but does no damage.
The white ugly thing pecks you!
* * * LOW HITPOINT WARNING * * *
A demonic guardian appears!
The white ugly thing freezes you!!
You die...
Your body crumbles into a pile of gold.

###....# #...##..#
.......# #...##..#
###....# #...##..#
#....###...##..#
#..............#
#..............#
#..............#
#.........##...#
#.........##..@#
#.........##.u5#
###..............#
.............u...#
####.......#######
#.......#.....#
#.......#.....#
#...(...#.....#
####..).(..#.....#


You could see 2 ugly things and a friendly quasit (summoned).

Vanquished Creatures
  Gastronok (Lair:3)
  An orc warlord (Orc:2)
  Snorg (Lair:3)
  A rakshasa (D:13)
  7 hydras
  4 catoblepae (Lair:5)
  8 boulder beetles
  2 centaur warriors
  9 two-headed ogres
  A tengu warrior (D:14)
  6 death yaks
  3 orc high priests (Orc:2)
  Urug (Lair:1)
  A skyshark (Lair:5)
  A skeletal warrior (D:12)
  2 arcanists (D:14)
  3 orc knights
  A lindwurm (Lair:4)
  13 ugly things
  4 deep elf pyromancers
  3 orc sorcerers (Orc:2)
  A salamander (Lair:3)
  3 manticores
  Maurice (Orc:1)
  A meliai (D:12)
  2 cyclopes
  2 kobold blastminers (Orc:2)
  8 elephants
  5 black mambas
  A gargoyle (D:11)
  11 cane toads
  9 komodo dragons
  2 ice devils (D:11)
  10 trolls
  A queen bee (shapeshifter) (D:13)
  A hornet (D:9)
  25 blink frogs
  7 dream sheep (Lair:5)
  3 slime creatures
  A centaur simulacrum (D:13)
  68 yaks
  5 wyverns
  2 shadows
  2 wraiths
  6 basilisks
  3 vampire mosquitoes
  2 wargs (Orc:2)
  Menkaure (D:7)
  An acid dragon (D:8)
  2 nagas (Lair:3)
  12 water moccasins
  34 orc warriors
  An ice beast (D:4)
  2 laughing skulls (D:14)
  2 black bears
  6 ogres
  12 wolves
  17 centaurs
  A kobold brigand (D:10)
  Blork the orc (D:4)
  11 bullfrogs
  2 scorpions
  2 gnoll sergeants
  5 wights
  15 killer bees
  6 electric eels
  A howler monkey (D:9)
  A jelly (D:6)
  6 hounds
  Crazy Yiuf (D:4)
  11 orc priests
  14 orc wizards
  6 hell rats (Lair:3)
  17 gnolls
  7 adders
  A shadow imp (D:8)
  A white imp (D:5)
  6 ufetubi
  2 ribbon worms
  A dart slug (D:5)
  81 orcs
  7 bats
  3 endoplasms
  3 giant cockroaches (D:1)
  16 goblins
  4 hobgoblins
  2 jackals (D:5)
  3 quokkas
  6 ball pythons
  9 kobolds
  4 rats
601 creatures vanquished.

Vanquished Creatures (collateral kills)
  Erica (Lair:1)
  A boulder beetle (D:12)
  2 death yaks
  An elephant (Lair:4)
  A gargoyle (D:10)
  22 foxfires
28 creatures vanquished.

Vanquished Creatures (others)
  1296 foxfires
1296 creatures vanquished.

Grand Total: 1925 creatures vanquished

Notes
Turn   | Place    | Note
-------+----------+-------------------------------------------
     0 | D:1      | oldriver the Demonspawn Fire Elementalist began the quest
                  | for the Orb.
     0 | D:1      | Reached XP level 1. HP: 13/13 MP: 3/3
   354 | D:1      | Gained mutation: Your touch may inflict minor irresistible
                  | damage on your foes. [demonic ancestry]
   354 | D:1      | Reached XP level 2. HP: 20/20 MP: 0/5
   839 | D:1      | Learned a level 2 spell: Scorch
  1029 | D:1      | Reached skill level 1 in Fighting
  1765 | D:2      | Gained mutation: Your touch may inflict irresistible damage
                  | on your foes. [demonic ancestry]
  1765 | D:2      | Reached XP level 3. HP: 25/26 MP: 3/6
  3051 | D:3      | Gained mutation: Your movements are slightly less
                  | encumbered by armour. (ER -2) [demonic ancestry]
  3051 | D:3      | Reached XP level 4. HP: 32/32 MP: 3/8
  3106 | D:3      | Found a burning altar of Makhleb.
  4440 | D:3      | Reached skill level 2 in Fighting
  4671 | D:4      | Found an iron altar of Okawaru.
  4823 | D:4      | You fall into a shaft and drop 3 floors!
  4911 | D:6      | Noticed a scorpion
  4917 | D:6      | Killed a scorpion
  4918 | D:6      | Reached XP level 5. HP: 35/38 MP: 0/9
  5024 | D:5      | Entered Level 5 of the Dungeon
  5451 | D:4      | Found Safutiph's Antique Weapon Emporium.
  5522 | D:4      | Found a runed translucent door.
  5523 | D:4      | Noticed Crazy Yiuf
  5675 | D:4      | Found Woygrigh's Distillery.
  5705 | D:4      | Found Jyini's Distillery.
  5712 | D:4      | Bought a potion of heal wounds for 55 gold pieces
  5747 | D:4      | Gained mutation: A weak demonic guardian rushes to your
                  | aid. [demonic ancestry]
  5747 | D:4      | Reached XP level 6. HP: 43/46 MP: 5/11
  5879 | D:4      | Found Rets's Distillery.
  6030 | D:4      | Noticed an ice beast
  6053 | D:4      | Killed an ice beast
  6054 | D:4      | Reached skill level 3 in Fighting
  6340 | D:4      | Noticed Blork the orc
  6345 | D:4      | Killed Blork the orc
  6729 | D:5      | Reached XP level 7. HP: 50/52 MP: 3/13
  7650 | D:5      | Identified the ring "Mor Nat" {rN+ Int+6}
  7720 | D:5      | Found a staircase to the Ecumenical Temple.
  7761 | D:5      | Reached skill level 4 in Fighting
  7893 | Temple   | Entered the Ecumenical Temple
  8626 | D:6      | Reached skill level 5 in Fire Magic
  9078 | D:7      | Gained mutation: Your movements are less encumbered by
                  | armour. (ER -4) [demonic ancestry]
  9078 | D:7      | Reached XP level 8. HP: 59/61 MP: 7/15
  9149 | D:7      | Found a broken altar of Ashenzari.
  9181 | D:7      | Reached skill level 5 in Spellcasting
  9550 | D:7      | Learned a level 4 spell: Flame Wave
  9612 | D:7      | Noticed Menkaure
  9619 | D:7      | Killed Menkaure
  9620 | D:7      | Reached skill level 5 in Fighting
 10469 | D:8      | Noticed a boulder beetle
 10728 | D:8      | Found an ornate altar of the Wu Jian Council.
 10839 | D:8      | Found Neamn's Distillery.
 10970 | D:8      | Reached skill level 6 in Fighting
 11033 | D:8      | Reached XP level 9. HP: 69/69 MP: 11/18
 11376 | D:8      | Noticed a two-headed ogre
 11643 | D:8      | Killed a two-headed ogre
 11644 | D:8      | Reached skill level 7 in Fighting
 11649 | D:8      | Found a hide-covered altar of Uskayaw.
 12359 | D:9      | Learned a level 3 spell: Volatile Blastmotes
 12486 | D:9      | Noticed a two-headed ogre
 12497 | D:9      | Killed a two-headed ogre
 12666 | D:9      | Noticed a two-headed ogre
 12684 | D:9      | Killed a two-headed ogre
 12685 | D:9      | Reached skill level 8 in Fighting
 12685 | D:9      | Gained mutation: Your movements are significantly less
                  | encumbered by armour. (ER -6) [demonic ancestry]
 12685 | D:9      | Reached XP level 10. HP: 44/80 MP: 6/21
 13175 | D:9      | Reached skill level 5 in Stealth
 13261 | D:9      | Found a runed translucent door.
 13261 | D:9      | Found a shimmering altar of Xom.
 13261 | D:9      | Noticed ssalbiz's ghost (novice MiBe)
 13261 | D:9      | Noticed a +0 hand axe of chaos
 13505 | D:9      | Found a staircase to the Orcish Mines.
 13513 | D:9      | Identified the +1 war axe "Hydraslayer" {drain, rN+}
 13528 | D:9      | Found a shadowy altar of Dithmenos.
 13597 | D:9      | Learned a level 4 spell: Airstrike
 13601 | D:9      | Learned a level 3 spell: Swiftness
 13719 | D:8      | Reached skill level 1 in Air Magic
 14811 | D:10     | Entered Level 10 of the Dungeon
 14811 | D:10     | Noticed a gargoyle
 14821 | D:10     | Killed a gargoyle
 14957 | D:10     | Found a sparkling altar of Nemelex Xobeh.
 15026 | D:10     | Reached skill level 9 in Fighting
 16012 | D:10     | Reached XP level 11. HP: 89/89 MP: 17/23
 16168 | D:10     | Found a staircase to the Lair.
 16621 | Temple   | Became a worshipper of Gozag Ym Sagoz the Greedy
 16954 | Lair:1   | Entered Level 1 of the Lair of Beasts
 16959 | Lair:1   | Noticed Caczuus's ghost (novice SpEE)
 16962 | Lair:1   | Noticed a death yak
 16963 | Lair:1   | Found a runed translucent gate.
 16964 | Lair:1   | Found a runed translucent gate.
 16981 | Lair:1   | Found a runed translucent gate.
 17084 | Lair:1   | Reached skill level 5 in Air Magic
 17759 | Lair:1   | Noticed Erica
 17838 | Lair:1   | Reached skill level 1 in Armour
 18104 | Lair:1   | Reached skill level 1 in Shields
 18632 | Lair:1   | Noticed Urug
 18667 | Lair:2   | Noticed a six-headed hydra
 18835 | Lair:2   | Noticed a death yak
 18872 | Lair:1   | Killed Urug
 18877 | Lair:1   | Killed Erica
 19059 | Lair:1   | Reached skill level 10 in Fighting
 19785 | Lair:2   | Killed a death yak
 19938 | Lair:2   | Noticed a death yak
 19938 | Lair:2   | Noticed a death yak
 19938 | Lair:2   | Noticed a death yak
 19967 | Lair:1   | Killed a death yak
 20192 | Lair:2   | Killed a six-headed hydra
 20193 | Lair:2   | Gained mutation: Your touch may irresistibly damage your
                  | foes and sap their willpower. [demonic ancestry]
 20193 | Lair:2   | Reached XP level 12. HP: 97/97 MP: 16/25
 20339 | Lair:1   | Killed a death yak
 20713 | Lair:2   | Found a runed translucent door.
 20740 | Lair:2   | Noticed DaftaChap's ghost (journeyman TrSh)
 21494 | Lair:2   | Reached skill level 5 in Dodging
 21495 | Lair:2   | Reached skill level 10 in Spellcasting
 22175 | Lair:2   | Killed a death yak
 22482 | Lair:3   | Noticed Gastronok
 22669 | Lair:3   | Found a staircase to the Shoals.
 23740 | Lair:3   | Noticed a seven-headed hydra
 23950 | Lair:2   | Killed a seven-headed hydra
 23951 | Lair:2   | Reached skill level 11 in Fighting
 24191 | Lair:3   | Noticed Snorg
 24501 | Lair:3   | Found a staircase to the Snake Pit.
 25197 | Lair:3   | Killed Snorg
 25323 | Lair:3   | Killed Gastronok
 26551 | Lair:4   | Reached XP level 13. HP: 106/106 MP: 14/27
 28983 | Lair:5   | Entered Level 5 of the Lair of Beasts
 29387 | Lair:4   | Reached skill level 10 in Air Magic
 32142 | Lair:5   | Reached skill level 12 in Fighting
 34948 | Lair:5   | Found a staircase to the Slime Pits.
 34949 | Lair:5   | Found a viscous altar of Jiyva.
 35245 | Lair:4   | Bought a scroll of teleportation for 51 gold pieces
 35245 | Lair:4   | Bought a scroll of teleportation for 51 gold pieces
 37128 | Lair:5   | Gained mutation: Your demonic aura sometimes causes spilled
                  | blood to erupt in flames. [demonic ancestry]
 37128 | Lair:5   | Reached XP level 14. HP: 116/116 MP: 14/29
 39145 | Lair:4   | Bought a book of the Spheres for 1088 gold pieces
 39153 | Lair:4   | Learned a level 5 spell: Fireball
 41054 | D:11     | HP: 3/116 [boulder beetle (32)]
 41614 | Orc:1    | Entered Level 1 of the Orcish Mines
 42083 | Orc:1    | Found an iron altar of Okawaru.
 42250 | Orc:1    | Noticed Maurice
 42337 | Orc:1    | Killed Maurice
 42643 | Orc:1    | Found Niesm's Jewellery Emporium.
 42690 | Orc:2    | Entered Level 2 of the Orcish Mines
 42690 | Orc:2    | Found Bulleamm's Jewellery Shoppe.
 44855 | Orc:2    | Noticed an orc warlord
 45194 | Orc:2    | Reached skill level 13 in Fighting
 46248 | Orc:2    | Found Plog's Antique Armour Boutique.
 46251 | Orc:2    | Found a staircase to the Elven Halls.
 46266 | Orc:2    | Found Acifodgh's Antique Weapon Shoppe.
 46336 | Orc:2    | Found Fobb's General Store.
 46344 | Orc:2    | Bought a potion of heal wounds for 60 gold pieces
 46441 | Orc:2    | Killed an orc warlord
 46905 | D:4      | Killed Crazy Yiuf
 46911 | D:4      | Identified the +8 hammer of Pandemonium {spect, +Blink}
 47107 | Orc:1    | Bought the amulet "Cuthrai" {*Slow rN+ Regen+ rCorr} for
                  | 453 gold pieces
 47296 | D:11     | Reached skill level 5 in Conjurations
 50235 | D:13     | Found a radiant altar of Vehumet.
 50485 | D:13     | Reached XP level 15. HP: 124/124 MP: 11/31
 54222 | D:12     | Identified a scroll of acquirement
 54225 | D:12     | Acquired an amulet of magic regeneration
 54244 | D:12     | Bought a glimmering trident for 323 gold pieces
 54244 | D:12     | Identified the +1 trident of Beyond {spect, ^Fragile rElec
                  | rN++ SInv} (You bought it in a shop on level 12 of the
                  | Dungeon)
 54244 | D:12     | Bought a glowing helmet for 285 gold pieces
 54244 | D:12     | Bought a scroll of blinking for 285 gold pieces
 54978 | D:14     | Reached skill level 14 in Fighting
 55032 | D:14     | Found a gate to the Vaults.
 55145 | D:14     | Got the Vellum of Creation
 55405 | D:15     | Entered Level 15 of the Dungeon
 55412 | D:14     | Slain by a white ugly thing

Illustrated notes

Levels and vault maps discovered:
D:1:      lightli_arrival_farm, layout_loops_ring, serial_bayou,
          serial_bayou_lagoon_a, serial_bayou_pond_c, serial_bayou_pond_b,
          serial_bayou_ford_a, amcnicky_mini_rare_corridor_liquid,
          hangedman_decor_points
D:2:      layout_loops_corners
D:3:      layout_loops_ring, mainiacjoe_overflow_tiny_flanked
D:4:      layout_cave_pods, old_standard_altar, serial_shops,
          nicolae_shop_stone, nicolae_shop_tiny_waterfront, shop, shop,
          uniq_blork_the_orc, uniq_crazy_yiuf_cottage
D:5:      layout_loops_ring, nicolae_elyvilon_peaceful_grove, temple_hall,
          minmay_quadrilaterals
D:6:      layout_basic
D:7:      layout_loops_corners, ashenzari_conservatory_becter,
          minmay_misc_feat_rugged, amcnicky_mini_corridor_feature, uniq_menkaure
D:8:      minmay_octagon_keep, layout_basic, nicolae_uskayaw_dance_hall,
          amcnicky_altar_gilded, serial_shops, shop, st_stairs_6,
          minmay_statues_item, serial_bayou_lake_a
D:9:      layout_roguey, overflow_temple_1_default, orc_0_dummy,
          ebering_ghost_xom, minmay_fractal_squares_5
D:10:     layout_cave_pools, lemuel_crystal_altar, david_lair_generic
D:11:     layout_gridville, portal_ice_cave_demonic_guard
D:12:     minmay_the_grid_3x2 [minmay_the_grid_minigrid_small,
          minmay_the_grid_holed_spiral, minmay_the_grid_broken_lines,
          minmay_the_grid_minigrid_large, minmay_the_grid_box_x,
          minmay_the_grid_prize_big_room], layout_long_grid
D:13:     minmay_goldmine, layout_loops_corners, nicolae_vehumet_radiance
D:14:     layout_small_grid, david_vaults_1, special_room [special_room_orc],
          kennysheep_minor_cross
D:15:     gammafunk_enter_depths_forms, layout_basic, minmay_tree_intersection,
          uniq_rupert
Temple:   jpeg_temple_clearing
Lair:1:   layout_misc_corridors, gauntlet_entry_generic, gammafunk_ghost_split,
          uniq_erica, uniq_urug
Lair:2:   layout_cave_pods, gammafunk_ghost_grave, grunt_forest_large_clearings
Lair:3:   layout_roguey, minmay_shoals_entry_centaurs,
          alex1729_snake_entry_snake, nicolae_lair_lil_pond, st_stairs_4,
          nicolae_quartered_pool_medium, uniq_snorg, uniq_gastronok
Lair:4:   layout_cellular_growth, serial_bayou_pond_e,
          chequers_serial_rivers_room_b, wad_woods_road_04, grunt_megastairs_1
Lair:5:   evilmike_catoblepas_cave, layout_cave_pods, slime_entry_1, pond,
          infiniplex_staircase_pool_2
Orc:1:    layout_caves, basic_altar, serial_shops,
          nicolae_shop_pleasant_corner_grove, okawaru_metal_pillars_1_2,
          uniq_maurice
Orc:2:    grunt_orc_gardens, layout_caves, grunt_orc_garden, grunt_orc_garden,
          grunt_orc_garden, grunt_orc_garden

Skill      XL: |  1  2  3  4  5  6  7  8  9 10 11 12 13 14 15 |
---------------+----------------------------------------------+-----
Fighting       | 1 2 3 4 6 8 9 10 11 12 13 14 | 14.0
Fire Magic     | 3 4 5 6 7 8 |  8.1
Conjurations   | 2 3 6 8 |  8.9
Spellcasting   | 3 4 6 7 8 9 10 11 12 13 | 13.1
Dodging        | 2 3 4 5 6 7 |  7.0
Stealth        | 3 4 5 |  5.0
Air Magic      | 4 7 9 11 12 | 12.0
Armour         | 2 |  2.0
Shields        | 3 4 |  4.0

Action                     |  1- 3 |  4- 6 |  7- 9 | 10-12 | 13-15 || total
---------------------------+-------+-------+-------+-------+-------++-------
  Melee: Dagger            |    13 |    11 |     4 |       |       ||    28
         Touch             |       |     3 |     2 |       |       ||     5
         Whip              |       |       |       |    23 |    31 ||    54
         Mace              |       |       |       |       |    28 ||    28
         Trident           |       |       |       |       |     1 ||     1
  Throw: Throwing net      |       |       |       |     1 |       ||     1
   Cast: Foxfire           |   106 |   117 |   293 |   273 |     2 ||   791
         Scorch            |     6 |    20 |    39 |    96 |     1 ||   162
         Volatile Blastmot |       |       |    10 |    69 |    96 ||   175
         Flame Wave        |       |       |       |    12 |     9 ||    21
         Airstrike         |       |       |       |   123 |   726 ||   849
         Swiftness         |       |       |       |       |     1 ||     1
         Fireball          |       |       |       |       |   146 ||   146
 Invoke: Potion Petition   |       |       |       |     1 |       ||     1
         Call Merchant     |       |       |       |       |     3 ||     3
  Evoke: Wand              |       |       |     2 |     5 |    11 ||    18
    Use: Scroll            |       |     3 |    15 |     8 |     8 ||    34
         Potion            |       |       |     3 |     5 |     3 ||    11
   Stab: Distracted        |       |       |       |       |     2 ||     2
 Armour: Robe              |    18 |    27 |    73 |    21 |       ||   139
         Acid dragon scale |       |       |       |   192 |    88 ||   280
         Ring mail         |       |       |       |       |   289 ||   289
  Dodge: Dodged            |    21 |    33 |    44 |   155 |   197 ||   450
  Block: Buckler           |       |       |       |    23 |    60 ||    83
